 Dungeon Crawl Stone Soup version 0.23-a0-14-g8c9a20f (webtiles) character file.

192204 Gorglomux the Severer (level 18, -8/119 HPs)
             Began as a Gargoyle Fighter on Aug 2, 2018.
             Was the Champion of Okawaru.
             Killed from afar by a swamp dragon (16 damage)
             ... with an exploding inner flame
             ... hexed by the player character
             ... on level 4 of the Swamp.
             The game lasted 00:26:09 (21036 turns).

Gorglomux the Severer (Gargoyle Fighter)           Turns: 21036, Time: 00:26:11

Health: -8/119     AC: 48    Str: 36    XL:     18   Next: 22%
Magic:  22/24      EV: 26    Int: 10    God:    Okawaru [******]
Gold:   1819       SH: 17    Dex:  9    Spells: 23/23 levels left

rFire    . . .     SeeInvis +   e - +6 broad axe (chop)
rCold    + . .     Gourm    .   c - +0 shield
rNeg     + + +     Faith    .   n - +4 plate armour of Loss {god gift, rC+}
rPois    ∞         Spirit   .   a - +1 helmet of the Modern Allies {rN+ Regen+}
rElec    +         Reflect  .   A - +1 cloak "Mibicvoc" {god gift, rN++}
rCorr    +         Harm     .   Z - +0 pair of gloves "Feebu" {Str+5}
MR       ++...                  j - +2 pair of boots {run} {god gift}
Stlth    ..........             O - amulet of the acrobat
HPRegen  0.69/turn              V - ring "Uphytelo" {rCorr MR+ Str+4}
MPRegen  0.19/turn              s - ring of see invisible

@: heroism, finesse, flying, very slightly contaminated, invisible, quick
A: big wings, negative energy resistance 1, electricity resistance, unbreathing,
petrification resistance, rot immunity, AC +13
}: 1/15 runes: gossamer
a: Stop Flying, Heroism, Finesse, Renounce Religion


You were on level 4 of the Swamp.
You worshipped Okawaru.
Okawaru was exalted by your worship.
You were not hungry.

You visited 5 branches of the dungeon, and saw 30 of its levels.
You also visited: Sewer.

You collected 1861 gold pieces.
You spent 42 gold pieces at shops.

Inventory:

Hand Weapons
 b - a +1 scimitar of flaming
 e - a +6 broad axe of chopping (weapon)
Armour
 a - the +1 helmet of the Modern Allies (worn) {rN+ Regen+}
   (You found it on level 6 of the Lair of Beasts)

   It protects you from negative energy.
   It increases your rate of regeneration.
 c - a +0 shield (worn)
 j - a +2 pair of boots of running (worn) {god gift}
 n - the +4 plate armour of Loss (worn) {god gift, rC+}
   (Okawaru gifted it to you on level 14 of the Dungeon)

   It protects you from cold.
 y - a scarf of cloud immunity
 A - the +1 cloak "Mibicvoc" (worn) {god gift, rN++}
   (Okawaru gifted it to you on level 12 of the Dungeon)

   It greatly protects you from negative energy.
 Z - the +0 pair of gloves "Feebu" (worn) {Str+5}
   (You acquired it on level 6 of the Lair of Beasts)

   It affects your strength (+5).
Jewellery
 f - an uncursed ring of protection from fire
 s - a ring of see invisible (right hand)
 w - a +2 ring of evasion {unknown}
 z - an uncursed ring of positive energy
 C - a cursed -3 ring of protection
 O - an amulet of the acrobat (around neck)
 V - the ring "Uphytelo" (left hand) {rCorr MR+ Str+4}
   (You found it in a sewer)

   [ring of resist corrosion]

   It affects your strength (+4).
   It affects your resistance to hostile enchantments.
Wands
 D - a wand of digging (24)
 I - a wand of iceblast (23)
 P - a wand of paralysis (17)
 S - a wand of scattershot (1)
Scrolls
 k - 4 scrolls of enchant armour
 l - 3 scrolls of amnesia
 m - 17 scrolls of remove curse
 p - 6 scrolls of immolation
 t - 2 scrolls of random uselessness
 E - 2 scrolls of fog
 G - a scroll of fear
 M - 2 scrolls of magic mapping
 T - 7 scrolls of teleportation
Potions
 d - a potion of might
 g - 5 potions of berserk rage
 o - 7 potions of flight
 u - 7 potions of mutation {!q}
 v - 2 potions of haste
 x - 6 potions of ambrosia
 B - 5 potions of brilliance
 F - 7 potions of heal wounds
 H - 2 potions of degeneration
 K - 2 potions of resistance
 L - 2 potions of agility
 N - a potion of cancellation
 Q - 8 potions of curing
 R - a potion of magic {unknown}
 Y - 3 potions of lignification
Miscellaneous
 W - a sack of spiders
 X - a phial of floods
Comestibles
 r - 44 rations
 U - 7 chunks of flesh


   Skills:
 - Level 15.1(20.1) Fighting
 + Level 17.8(22.8) Axes
 - Level 15.0(20.0) Armour
 - Level 15.1(20.1) Shields
 - Level 3.0 Spellcasting
 - Level 9.0 Invocations


You had 23 spell levels left.
You didn't know any spells.
Your spell library contained the following spells:

 Spells                   Type           Power        Failure   Level  Hunger
 Conjure Flame            Conj/Fire      #.......     95%         3    ###....
 Confuse                  Hex            #.......     95%         3    ###....
 Throw Frost              Conj/Ice       #.....       80%         2    ###....
 Freezing Cloud           Conj/Ice/Air   #.........   100%        6    #######
 Mephitic Cloud           Conj/Pois/Air  #.......     95%         3    ###....
 Ring of Flames           Chrm/Fire      #.........   100%        7    #######
 Animate Dead             Necr           N/A          100%        4    #####..
 Pain                     Necr           #...         65%         1    #......
 Animate Skeleton         Necr           N/A          65%         1    #......
 Vampiric Draining        Necr           #.........   95%         3    ###....
 Freeze                   Ice            #...         65%         1    #......
 Sticky Flame             Conj/Fire      #.......     100%        4    #####..
 Summon Ice Beast         Ice/Summ       #.......     100%        4    #####..
 Ozocubu's Armour         Chrm/Ice       #.......     95%         3    ###....
 Regeneration             Chrm/Necr      #.........   95%         3    ###....
 Sublimation of Blood     Necr           #.........   80%         2    ###....
 Tukima's Dance           Hex            #.......     95%         3    ###....
 Stone Arrow              Conj/Erth      #.....       95%         3    ###....
 Statue Form              Tmut/Erth      #........    100%        6    #######
 Ice Form                 Ice/Tmut       #.......     100%        4    #####..
 Throw Icicle             Conj/Ice       #.......     100%        4    #####..
 Confusing Touch          Hex            #.....       65%         1    #......
 Passwall                 Tmut/Erth      #.......     80%         2    ###....
 Call Canine Familiar     Summ           #.......     95%         3    ###....
 Ensorcelled Hibernation  Hex/Ice        #.....       80%         2    ###....
 Metabolic Englaciation   Hex/Ice        #.........   100%        5    ######.
 Summon Butterflies       Summ           #.......     65%         1    #......
 Corona                   Hex            #......      65%         1    #......
 Conjure Ball Lightning   Conj/Air       #.........   100%        6    #######
 Petrify                  Tmut/Erth      #.......     100%        4    #####..
 Leda's Liquefaction      Hex/Erth       #.........   100%        4    #####..
 Summon Hydra             Summ           #.........   100%        7    #######
 Beastly Appendage        Tmut           #.....       65%         1    #......
 Dazzling Spray           Conj/Hex       #.....       95%         3    ###....
 Summon Mana Viper        Hex/Summ       #.......     100%        5    ######.
 Hydra Form               Tmut           #.........   100%        6    #######
 Gell's Gravitas          Tloc           #.........   95%         3    ###....
 Yara's Violent Unravell  Hex/Tmut       #.........   100%        5    ######.
 Poisonous Vapours        Pois/Air       #.....       80%         2    ###....


Dungeon Overview and Level Annotations

Branches:
Dungeon (15/15)            Temple (1/1) D:4            Lair (6/6) D:10
  Swamp (4/4) Lair:2       Spider (4/4) Lair:3        Slime (0/5) Lair:6
    Orc (0/2) D:10         Vaults (0/5) D:13         Depths (0/5) D:15

Altars:
Ashenzari
Cheibriados
Dithmenos
Elyvilon
Fedhas
Gozag
Hepliaklqana
Kikubaaqudgha
Makhleb
Nemelex Xobeh
Okawaru
Qazlal
Ru
Sif Muna
Trog
Uskayaw
Vehumet
Wu Jian
Xom
Yredelemnul
Zin
The Shining One
Jiyva

Shops:
D:8 (   D:9 (   D:11 *   D:13 %

Annotations:
Lair:2 exclusion: 2 oklob plants


Innate Abilities, Weirdness & Mutations

You are resistant to torment.
Your stone body is resilient. (AC +13)
You are immune to poison.
Your large and strong wings let you fly indefinitely.
You resist negative energy. (rN+)
You are resistant to electric shocks. (rElec)
You can survive without breathing.
You are immune to petrification.
You are immune to rotting.


Message History

The fiery butt engulfs the swamp dragon!
The swamp dragon explodes!!!
The fiery explosion engulfs the seven-headed hydra!
The seven-headed hydra explodes!!!
Okawaru roars: ANNIHILATED!
The fiery explosion engulfs the five-headed hydra!
The five-headed hydra explodes!!!
Okawaru roars: ANNIHILATED!
Butt hear a splash!
You hear a splash! x3
Okawaru roars: ANNIHILATED!
Something appears at butt's feet!!!
You hear a splash!
Okawaru butts you armour!!!
Butt screams: ANNIHILATED!
Okawaru roars: ANNIHILATED!
Butt roars: ANNIHILATED!
The fiery explosion engulfs you!!! * * * don't die
* * * Okawaru roars: ANNIHILATED!
You hear a splash!
The fiery explosion engulfs you!!! rip

†≈.♣♣ ♣♣.≈♣ #### ##
...≈♣♣.≈#####≈≈## ≈
..≈♣PP####≈≈≈.≈≈# ≈#
....PP.≈#≈≈...≈≈##.###.
.≈.≈PP≈.†[..PPP..$...?.
..♣♣≈..##.†≈##P.§§§.≈≈#
.≈♣♣.######.≈#§.§§§# .
♣≈♣♣♣. ###≈§§§§§#§§≈.
.♣≈ ♣. #≈≈#§@§§§§# . ♣♣
#≈≈PP§§§§§§#.≈.
#≈≈≈.§§§§§§§§≈
##≈#.#§§§#≈#.≈.
#≈#≈≈§§#§#≈≈≈#≈
≈≈#≈.≈..§§ ...
##≈≈≈≈≈.≈§#≈ ≈# #≈≈# #.


There were no monsters in sight!

Vanquished Creatures
  the Lernaean hydra (Swamp:4)
  Agnes (Spider:2)
  2 thorn hunters (Swamp:4)
  Roxanne (D:15)
  3 ghost moths
  2 emperor scorpions
  An entropy weaver (Spider:4)
  The ghost of Debbaof the Cruncher, a journeyman NaWz of Kikubaaqudgha (Lair:4)
  The ghost of Karim the Martial Artist, a journeyman GnTm of Ru (Lair:6)
  Nessos (D:15)
  3 spark wasps (Spider:4)
  Josephine (D:13)
  4 vault guards (D:13)
  Erica (D:7)
  20 hydras
  An alligator snapping turtle (D:13)
  A catoblepas (D:15)
  A merfolk avatar (Lair:6)
  A centaur warrior (D:14)
  A death knight (D:11)
  An ogre mage (D:15)
  16 two-headed ogres
  4 alligators
  A vampire mage (D:15)
  A golden dragon zombie (D:15)
  A sea snake (shapeshifter) (D:15)
  6 skeletal warriors (D:15)
  A shambling mangrove (Swamp:1)
  2 spriggan druids
  3 wizards
  8 swamp dragons (Swamp:4)
  A phantasmal warrior (D:11)
  A necromancer (D:15)
  A harpy (Lair:6)
  A frost giant zombie (D:15)
  8 ugly things
  22 orb spiders
  A deep elf mage (D:12)
  26 wolf spiders
  A shining eye (D:14)
  3 moths of wrath
  5 cyclopes
  Maurice (D:10)
  6 black mambas
  Joseph (D:9)
  11 elephants
  4 centaur zombies
  Psyche (D:10)
  14 spiny frogs
  3 gargoyles
  A spriggan zombie (D:15)
  2 yaktaurs (D:15)
  2 torpor snails
  12 komodo dragons
  4 demonic crawlers
  A tengu conjurer (D:14)
  A kobold demonologist (D:12)
  13 rime drakes
  2 freezing wraiths (D:15)
  4 trolls
  2 guardian mummies (D:15)
  31 jumping spiders
  3 tyrant leeches
  4 polar bears
  14 hornets
  15 dream sheep (Lair:6)
  2 bog bodies (Swamp:4)
  A dream sheep (shapeshifter) (D:15)
  A harpy skeleton (D:13)
  16 blink frogs
  16 hippogriffs
  A shadow (D:15)
  50 redbacks
  23 tarantellas
  A centaur simulacrum (D:15)
  3 spriggans
  A vampire (D:15)
  15 slime creatures
  A water elemental (D:15)
  3 hogs (D:13)
  A spriggan skeleton (D:15)
  5 wraiths
  10 wyverns
  A steam dragon (Lair:4)
  38 yaks
  5 basilisks
  3 hungry ghosts
  8 swamp worms
  7 vampire mosquitoes
  An acid dragon (D:14)
  5 insubstantial wisps (Swamp:1)
  2 soldier ants
  19 water moccasins
  6 porcupines
  10 swamp drakes
  3 orc warriors
  2 sky beasts
  5 black bears
  An eye of draining (D:15)
  4 ice beasts
  A phantom (D:9)
  5 ogres
  2 necrophages
  14 wolves
  14 crocodiles
  9 centaurs
  6 big kobolds
  21 bullfrogs
  A water moccasin skeleton (D:2)
  4 scorpions
  7 howler monkeys
  8 killer bees
  7 wights
  6 electric eels
  5 crimson imps
  7 hounds
  A quasit (D:9)
  4 bullfrog zombies
  An iron imp (D:9)
  5 orc priests
  2 bullfrog skeletons
  4 centaur skeletons
  2 jellies
  Jessica (D:2)
  8 orc wizards
  4 iguanas
  10 worker ants
  A killer bee zombie (D:10)
  A human simulacrum (D:13)
  2 hound skeletons
  A worker ant zombie (D:5)
  3 gnolls (D:7)
  6 adders
  6 river rats (D:5)
  A shadow imp (D:8)
  2 oozes
  An adder zombie (D:6)
  2 adder skeletons
  4 worms
  A dart slug (D:1)
  2 leopard geckos (D:9)
  40 orcs
  7 giant cockroaches
  4 goblins
  3 hobgoblins
  17 quokkas
  A ball python (D:4)
  8 bats
  4 frilled lizards
  27 kobolds
  16 rats
  5 briar patches (Swamp:4)
  2 fungi
  10 plants
  3 withered plants (D:15)
923 creatures vanquished.

Vanquished Creatures (collateral kills)
  Arachne (Spider:2)
  A sea snake (D:14)
2 creatures vanquished.

Vanquished Creatures (others)
  An orb spider (Spider:2)
  3 jumping spiders
  A shadow (D:13)
  2 tarantellas
  A human simulacrum (D:13)
  A shadow imp (D:10)
  2 kobolds (D:13)
  A briar patch (Swamp:4)
  6 fungi (Lair:6)
  11 plants
  A withered plant (D:15)
30 creatures vanquished.

Grand Total: 955 creatures vanquished

Notes
Turn   | Place    | Note
-------+----------+-------------------------------------------
     0 | D:1      | Gorglomux the Gargoyle Fighter began the quest for the Orb.
     0 | D:1      | Reached XP level 1. HP: 14/14 MP: 1/1
   278 | D:1      | Reached skill level 2 in Axes
   278 | D:1      | Reached XP level 2. HP: 18/19 MP: 2/2
   435 | D:2      | Found a glowing golden altar of the Shining One.
   586 | D:2      | Reached XP level 3. HP: 18/24 MP: 3/3
   690 | D:2      | Reached XP level 4. HP: 21/29 MP: 4/4
   792 | D:2      | Noticed Jessica
   810 | D:2      | Killed Jessica
   892 | D:3      | Reached XP level 5. HP: 33/33 MP: 5/5
  1214 | D:3      | Reached skill level 3 in Axes
  1479 | D:4      | Found a glowing drain.
  1495 | Sewer    | Entered a sewer
  1550 | Sewer    | Noticed a crocodile
  1568 | Sewer    | Killed a crocodile
  1568 | Sewer    | Reached XP level 6. HP: 18/39 MP: 6/6
  1699 | Sewer    | Got a bound copper ring
  1732 | Sewer    | Identified the ring "Uphytelo" {rCorr MR+ Str+4} (You found it in a sewer)
  1914 | D:4      | Found a staircase to the Ecumenical Temple.
  1970 | D:4      | Reached XP level 7. HP: 18/44 MP: 7/7
  1994 | Temple   | Entered the Ecumenical Temple
  2160 | Temple   | Became a worshipper of Warmaster Okawaru
  2311 | D:5      | Entered Level 5 of the Dungeon
  2379 | D:5      | Found an iron altar of Okawaru.
  2656 | D:5      | Noticed a yak
  2657 | D:5      | Noticed a yak
  2658 | D:5      | Noticed a yak
  2659 | D:5      | Noticed a yak
  2659 | D:5      | Noticed a yak
  2669 | D:5      | Killed a yak
  2669 | D:5      | Reached skill level 4 in Axes
  2669 | D:5      | Reached skill level 1 in Spellcasting
  2669 | D:5      | Killed a yak
  2669 | D:5      | Reached XP level 8. HP: 24/51 MP: 7/10
  2693 | D:4      | Killed a yak
  2693 | D:4      | Reached * piety under Okawaru
  2870 | D:5      | Killed a yak
  2870 | D:5      | Reached skill level 6 in Fighting
  2870 | D:5      | Reached skill level 6 in Armour
  2870 | D:5      | Reached skill level 6 in Shields
  2880 | D:5      | Killed a yak
  3593 | D:6      | Reached skill level 5 in Axes
  3593 | D:6      | Reached skill level 3 in Spellcasting
  3616 | D:6      | Reached XP level 9. HP: 54/56 MP: 13/13
  3641 | D:6      | Found a basalt altar of Yredelemnul.
  3850 | D:6      | Reached ** piety under Okawaru
  3850 | D:6      | Reached skill level 1 in Invocations
  4097 | D:7      | Found a sacrificial altar of Ru.
  4389 | D:7      | Found an opulent altar of Gozag.
  4390 | D:7      | Found a white marble altar of Elyvilon.
  4390 | D:7      | Found a radiant altar of Vehumet.
  4779 | D:8      | Found a blossoming altar of Fedhas.
  4779 | D:8      | Found a shattered altar of Ashenzari.
  4780 | D:8      | Noticed Erica
  4817 | D:7      | Killed Erica
  4817 | D:7      | Reached skill level 3 in Invocations
  5180 | D:8      | Found a basalt altar of Yredelemnul.
  5195 | D:8      | Reached skill level 6 in Axes
  5220 | D:8      | Reached *** piety under Okawaru
  5266 | D:8      | Reached XP level 10. HP: 62/64 MP: 14/14
  5327 | D:8      | Found Toushry's Antique Weapon Emporium.
  5583 | D:8      | Noticed a two-headed ogre
  5591 | D:8      | Killed a two-headed ogre
  6060 | D:9      | Noticed Joseph
  6087 | D:9      | Killed Joseph
  6087 | D:9      | Received a gift from Okawaru
  6142 | D:9      | Found Maeschiw's Antique Weapon Boutique.
  6243 | D:9      | Noticed a two-headed ogre
  6255 | D:9      | Killed a two-headed ogre
  6255 | D:9      | Reached **** piety under Okawaru
  6255 | D:9      | Reached skill level 7 in Axes
  6454 | D:9      | Reached XP level 11. HP: 62/69 MP: 12/15
  6495 | D:9      | Reached skill level 9 in Shields
  6505 | D:9      | Reached skill level 9 in Fighting
  6523 | D:9      | Reached skill level 9 in Armour
  6629 | D:9      | Reached skill level 6 in Invocations
  6679 | D:9      | Found a burning altar of Makhleb.
  6717 | D:9      | Found a snail-covered altar of Cheibriados.
  6766 | D:10     | Entered Level 10 of the Dungeon
  6772 | D:10     | Noticed Psyche
  6783 | D:10     | Killed Psyche
  6856 | D:10     | Reached ***** piety under Okawaru
  6859 | D:10     | Found a staircase to the Lair.
  7066 | D:10     | Found a staircase to the Orcish Mines.
  7066 | D:10     | Noticed a two-headed ogre
  7082 | D:10     | Killed a two-headed ogre
  7096 | D:10     | Noticed Maurice
  7104 | Lair:1   | Entered Level 1 of the Lair of Beasts
  7204 | D:10     | Killed Maurice
  7572 | D:11     | Noticed a cyan ugly thing
  7593 | D:11     | Killed a cyan ugly thing
  7714 | D:11     | Noticed a two-headed ogre
  7723 | D:11     | Killed a two-headed ogre
  7723 | D:11     | Received a gift from Okawaru
  7723 | D:11     | Reached skill level 8 in Axes
  7896 | D:11     | Noticed a cyclops
  7898 | D:11     | Noticed a death knight
  7899 | D:11     | Noticed a phantasmal warrior
  7908 | D:11     | Killed a cyclops
  7911 | D:11     | Killed a phantasmal warrior
  7920 | D:11     | Noticed a two-headed ogre
  7944 | D:11     | Killed a two-headed ogre
  7944 | D:11     | Reached XP level 12. HP: 27/77 MP: 12/17
  8300 | D:11     | Found Ceedaduu's General Store.
  8319 | D:11     | Bought a potion of degeneration for 14 gold pieces
  8319 | D:11     | Bought a scroll of identify for 28 gold pieces
  8561 | D:11     | Killed a death knight
  8952 | D:12     | Identified the Compendium of Plaster Cramp
  8966 | D:12     | Paralysed by a wizard for 3 turns
  8975 | D:12     | Received a gift from Okawaru
  8975 | D:12     | Noticed a two-headed ogre
  8993 | D:12     | Identified the Tome of Combed Thunderclap
  9001 | D:12     | Identified the Catalogue of Dhcmrlchtdj
  9033 | D:12     | Got a spiked cloak {god gift}
  9044 | D:12     | Identified the +1 cloak "Mibicvoc" {god gift, rN++} (Okawaru gifted it to you on level 12 of the Dungeon)
  9401 | D:13     | Noticed Kirke
  9420 | D:13     | Reached skill level 9 in Axes
  9420 | D:13     | Noticed Kirke
  9424 | D:13     | Noticed a two-headed ogre
  9440 | D:13     | Killed Kirke the alligator snapping turtle
  9449 | D:13     | Killed a two-headed ogre
  9451 | D:13     | Killed a two-headed ogre
  9468 | D:13     | Found Wuss's Food Emporium.
  9504 | D:13     | Reached skill level 9 in Invocations
  9523 | D:13     | Found a stormy altar of Qazlal.
  9585 | D:13     | Reached XP level 13. HP: 80/84 MP: 19/19
  9906 | D:13     | Noticed Josephine
  9914 | D:13     | Killed Josephine
  9914 | D:13     | Received a gift from Okawaru
  9923 | D:13     | Noticed a vault guard
  9930 | D:13     | Noticed a vault guard
  9932 | D:13     | Noticed a vault guard
  9941 | D:13     | Noticed a vault guard
  9947 | D:13     | Killed a vault guard
  9952 | D:13     | Killed a vault guard
  9966 | D:13     | Killed a vault guard
  9969 | D:13     | Found a gate to the Vaults.
 10005 | D:13     | Killed a vault guard
 10270 | D:14     | Gained mutation: You occasionally shout uncontrollably at your foes. [a shining eye]
 10273 | D:14     | Lost mutation: You occasionally shout uncontrollably at your foes. [a shining eye]
 10305 | D:14     | Reached skill level 10 in Axes
 10330 | D:14     | Received a gift from Okawaru
 10330 | D:14     | Reached skill level 12 in Fighting
 10447 | D:14     | Got a dazzling plate armour {god gift}
 10458 | D:14     | Identified the +4 plate armour of Loss {god gift, rC+} (Okawaru gifted it to you on level 14 of the Dungeon)
 10497 | D:14     | Reached skill level 12 in Shields
 10542 | D:14     | Reached skill level 12 in Armour
 10732 | D:14     | Paralysed by a wizard for 6 turns
 11340 | D:14     | Gained mutation: Your large and strong wings let you fly indefinitely. [Gargoyle growth]
 11340 | D:14     | Reached XP level 14. HP: 92/92 MP: 13/20
 11541 | D:15     | Entered Level 15 of the Dungeon
 11574 | D:15     | Found a staircase to the Depths.
 11856 | D:15     | Received a gift from Okawaru
 11881 | D:15     | Identified a +2 pair of boots of running {god gift} (Okawaru gifted it to you on level 15 of the Dungeon)
 11977 | D:15     | Reached skill level 11 in Axes
 11999 | D:15     | Noticed Roxanne
 12251 | D:15     | Killed Roxanne
 12252 | D:15     | Identified Roxanne's Collected Works on Changing (You took it off Roxanne on level 15 of the Dungeon)
 12746 | D:15     | Noticed Nessos
 12777 | D:15     | Killed Nessos
 13453 | Lair:1   | Reached XP level 15. HP: 80/99 MP: 21/21
 14157 | Lair:2   | Received a gift from Okawaru
 14841 | Lair:3   | Found a hole to the Spider Nest.
 15071 | Lair:4   | Reached skill level 12 in Axes
 15180 | Lair:4   | Found a runed door.
 15185 | Lair:4   | Noticed Debbaof's ghost (journeyman NaWz)
 15244 | Lair:4   | Killed Debbaof's ghost
 15381 | Lair:4   | Found a dark tunnel.
 16473 | Lair:6   | Entered Level 6 of the Lair of Beasts
 16485 | Lair:6   | Received a gift from Okawaru
 16686 | Lair:6   | Reached XP level 16. HP: 62/107 MP: 17/22
 16714 | Lair:6   | Got a dazzling helmet
 16715 | Lair:6   | Identified the +1 helmet of the Modern Allies {rN+ Regen+} (You found it on level 6 of the Lair of Beasts)
 16729 | Lair:6   | Received a gift from Okawaru
 16801 | Lair:6   | Identified a scroll of acquirement
 16802 | Lair:6   | Got a pair of encrusted gloves
 16842 | Lair:6   | Identified the +0 pair of gloves "Feebu" {Str+5} (You acquired it on level 6 of the Lair of Beasts)
 17055 | Lair:6   | Found a viscous altar of Jiyva.
 17057 | Lair:6   | Found a staircase to the Slime Pits.
 17191 | Lair:6   | Found a runed door.
 17191 | Lair:6   | Noticed Karim's ghost (journeyman GnTm)
 17289 | Lair:6   | Killed Karim's ghost
 18152 | Lair:2   | Found a staircase to the Swamp.
 18216 | Spider:1 | Entered Level 1 of the Spider Nest
 18231 | Spider:1 | Reached skill level 15 in Fighting
 18240 | Spider:1 | Reached skill level 15 in Shields
 18280 | Spider:1 | Reached skill level 15 in Armour
 18288 | Spider:1 | Received a gift from Okawaru
 18676 | Spider:1 | Reached skill level 13 in Axes
 19151 | Spider:2 | Noticed Agnes
 19177 | Spider:2 | Killed Agnes
 19177 | Spider:2 | Reached skill level 14 in Axes
 19296 | Spider:2 | Noticed Arachne
 19522 | Spider:2 | Killed Arachne
 19522 | Spider:2 | Reached XP level 17. HP: 108/113 MP: 16/23
 19649 | Spider:3 | Received a gift from Okawaru
 19670 | Spider:3 | Reached skill level 15 in Axes
 19771 | Spider:4 | Entered Level 4 of the Spider Nest
 20090 | Spider:4 | Received a gift from Okawaru
 20100 | Spider:4 | Reached skill level 16 in Axes
 20157 | Spider:4 | Got a gossamer rune of Zot
 20164 | Spider:4 | Got a transparent tin ring
 20165 | Spider:4 | Identified the cursed ring "Qeaph" {+Blink rElec Dex-5} (You found it on level 4 of the Spider Nest)
 20351 | Swamp:1  | Entered Level 1 of the Swamp
 20763 | Swamp:4  | Entered Level 4 of the Swamp
 20968 | Swamp:4  | Reached skill level 17 in Axes
 21010 | Swamp:4  | Noticed the 27-headed Lernaean hydra
 21013 | Swamp:4  | Reached XP level 18. HP: 87/119 MP: 20/24
 21036 | Swamp:4  | Killed the 27-headed Lernaean hydra
 21036 | Swamp:4  | Received a gift from Okawaru
 21036 | Swamp:4  | Reached ****** piety under Okawaru
 21036 | Swamp:4  | Killed from afar by a swamp dragon

Vault maps used:
D:1:      dpeg_arrival_short_road
D:2:      tso_metal_star, uniq_jessica
D:3:      serial_glass, glass_columns_a, glass_columns_b
D:4:      temple_pool_b, portal_sewer_entry_a
D:5:      lemuel_ratsnest, basic_altar, first_ration
D:6:      minmay_klotski, yredelemnul_altar_generic
D:7:      grunt_temple_overflow_open, overflow_temple_1_default
D:8:      gammafunk_temple_overflow_forgotten, serial_shops,
          nicolae_shop_waterfront, uniq_erica
D:9:      makhleb_heckhound_becter, slow_altar_1, serial_shops, shop,
          hangedman_pestilent_swarm, minivault_23, minmay_misc_feat_pillars,
          uniq_joseph
D:10:     erik_lair_island, kennysheep_boxes, uniq_psyche, uniq_maurice
D:11:     serial_shops, nicolae_shop_statue_plus
D:12:     bh_hangedman_babel_library
D:13:     lightli_vaults_fourway_checkpoint, serial_shops, shop, basic_altar,
          bh_circular_ruins, uniq_josephine, uniq_kirke
D:14:     minmay_misc_feat_chi
D:15:     gammafunk_depths_entry_grave, serial_bayou_lagoon_a,
          skrybe_limestone_x, uniq_roxanne, uniq_nessos
Temple:   minmay_temple_bridge_abc
Lair:1:   grunt_megastairs_1, serial_bayou_shore_a, serial_bayou_shore_b,
          lemuel_fruit_fields
Lair:2:   minmay_swamp_entry_worms, grunt_megastairs_4, serial_bayou_shore_b,
          infiniplex_staircase_pool, minmay_lair_oklob_chamber
Lair:3:   beast_lair_carwin_large_2, spider_nest_entry_web_field
Lair:4:   nicolae_volcano_entry_hallway, gammafunk_ghost_grave,
          minmay_hedge_maze, guppyfry_lair_drakes, lemuel_fruit_tree,
          grunt_megastairs_2
Lair:5:   serial_bayou_shore_b, grunt_megastairs_5
Lair:6:   gammafunk_lair_ancient_temple, dpeg_slime_entry_enclosed_altar,
          hellmonk_ghost_happy_afterlife
Swamp:1:  nicolae_swamp_trees_clearing, swamp_pool1
Swamp:2:  hangedman_swamp_pad, swamp_pool5, infiniplex_staircase_pool_2
Swamp:3:  evilmike_swamp_ruin_rubble_1, swamp_pool5,
          nicolae_swamp_dragon_and_kin
Swamp:4:  swamp_old_school, ebering_ghost_xom
Spider:2: nicolae_spider_mines_3, nicolae_spider_nook, uniq_agnes, uniq_arachne
Spider:3: nicolae_looking_at_the_future
Spider:4: grunt_spider_rune_parallel, spider_trap
Sewer:    sewer_big_baddie

Skill      XL: |  1  2  3  4  5  6  7  8  9 10 11 12 13 14 15 16 17 |
---------------+----------------------------------------------------+-----
Axes           | 2 3 4 5 6 7 8 9 10 11 12 14 17 | 17.8
Fighting       | 4 5 6 7 8 10 11 12 13 14 15 | 15.1
Shields        | 4 5 6 7 8 10 11 12 13 14 15 | 15.1
Armour         | 4 5 6 7 8 10 11 12 13 14 15 | 15.0
Spellcasting   | 1 3 |  3.0
Invocations    | 3 5 7 9 |  9.0

Action                   |  1- 3 |  4- 6 |  7- 9 | 10-12 | 13-15 | 16-18 || total
-------------------------+-------+-------+-------+-------+-------+-------++-------
Melee: War axe           |    74 |   188 |   397 |   715 |   543 |       ||  1917
       Broad axe         |       |       |       |       |   527 |   838 ||  1365
Invok: Heroism           |       |       |     7 |    17 |    17 |    21 ||    62
       Finesse           |       |       |       |     4 |    16 |    13 ||    33
 Abil: Fly               |       |       |       |       |     1 |       ||     1
Evoke: Wand              |       |       |       |     2 |     5 |     5 ||    12
       Phial of floods   |       |       |       |       |       |     1 ||     1
  Use: Scroll            |       |     2 |     5 |     8 |    10 |    19 ||    44
       Potion            |       |       |       |       |       |     2 ||     2
 Stab: Petrified         |       |       |       |    10 |     5 |       ||    15
       Petrifying        |       |       |       |     2 |     3 |       ||     5
       Paralysed         |       |       |       |     1 |    20 |       ||    21
       Confused          |       |       |       |     1 |     3 |       ||     4
       Distracted        |       |       |       |       |       |     1 ||     1
       Invisible         |       |       |       |       |       |    40 ||    40
       Held in net/web   |       |       |       |       |       |     1 ||     1
  Eat: Chunk             |       |     4 |    12 |    11 |    17 |    14 ||    58
       Ration            |       |       |       |     2 |     2 |       ||     4
Armor: Scale mail        |    42 |    46 |       |       |       |       ||    88
       Plate armour      |       |   135 |   227 |   439 |   707 |   675 ||  2183
Dodge: Dodged            |    27 |    63 |    97 |   254 |   390 |   389 ||  1220
Block: Shield            |    46 |   153 |   229 |   565 |   805 |   700 ||  2498

Table legend:
 A = Spawn XP
 B = Non-spawn XP
 C = Spawn XP percentage of total XP
 D = Spawn monster count
 E = Non-spawn monster count
 F = Spawn count percentage of total count
 G = Total turns spent on level
                    A         B        C        D         E        F      G
               +---------+---------+-------+---------+---------+-------+---------
         Total |       0 |  260511 |   0.0 |       0 |     910 |   0.0 | 21036
               +---------+---------+-------+---------+---------+-------+---------
           D:1 |       0 |      17 |   0.0 |       0 |      10 |   0.0 |   418
           D:2 |       0 |     145 |   0.0 |       0 |      12 |   0.0 |   452
           D:3 |       0 |     121 |   0.0 |       0 |      27 |   0.0 |   582
           D:4 |       0 |     449 |   0.0 |       0 |      19 |   0.0 |   584
           D:5 |       0 |    1347 |   0.0 |       0 |      44 |   0.0 |  1077
           D:6 |       0 |     450 |   0.0 |       0 |      11 |   0.0 |   426
           D:7 |       0 |    1398 |   0.0 |       0 |      20 |   0.0 |  1035
           D:8 |       0 |    2959 |   0.0 |       0 |      30 |   0.0 |  1001
           D:9 |       0 |    3035 |   0.0 |       0 |      34 |   0.0 |   743
          D:10 |       0 |    3941 |   0.0 |       0 |      32 |   0.0 |   712
          D:11 |       0 |    6869 |   0.0 |       0 |      32 |   0.0 |  1177
          D:12 |       0 |    5820 |   0.0 |       0 |      24 |   0.0 |   722
          D:13 |       0 |   15891 |   0.0 |       0 |      55 |   0.0 |  1029
          D:14 |       0 |   12984 |   0.0 |       0 |      35 |   0.0 |  1174
          D:15 |       0 |   26515 |   0.0 |       0 |      51 |   0.0 |  1537
        Lair:1 |       0 |    5476 |   0.0 |       0 |      24 |   0.0 |   766
        Lair:2 |       0 |    8932 |   0.0 |       0 |      42 |   0.0 |   798
        Lair:3 |       0 |   11391 |   0.0 |       0 |      39 |   0.0 |  1061
        Lair:4 |       0 |   10209 |   0.0 |       0 |      34 |   0.0 |   858
        Lair:5 |       0 |    1802 |   0.0 |       0 |       5 |   0.0 |   715
        Lair:6 |       0 |   26281 |   0.0 |       0 |      71 |   0.0 |  1198
       Swamp:1 |       0 |    6092 |   0.0 |       0 |      18 |   0.0 |   169
       Swamp:2 |       0 |    1556 |   0.0 |       0 |       5 |   0.0 |   139
       Swamp:3 |       0 |    2509 |   0.0 |       0 |      10 |   0.0 |   104
       Swamp:4 |       0 |   27151 |   0.0 |       0 |      38 |   0.0 |   273
      Spider:1 |       0 |   11530 |   0.0 |       0 |      32 |   0.0 |   512
      Spider:2 |       0 |   27139 |   0.0 |       0 |      64 |   0.0 |   610
      Spider:3 |       0 |    5580 |   0.0 |       0 |      10 |   0.0 |   239
      Spider:4 |       0 |   32806 |   0.0 |       0 |      76 |   0.0 |   477
         Sewer |       0 |     116 |   0.0 |       0 |       6 |   0.0 |   247
               +---------+---------+-------+---------+---------+-------+---------
